 Dungeon Crawl Stone Soup version 0.20-a0-839-gdaf5c57 (webtiles) character file.

828 Dfrag the Firebug (level 7, -2/55 HPs)
             Began as a Naga Fire Elementalist on Mar 9, 2017.
             Was a Follower of Okawaru.
             Slain by a hippogriff (4 damage)
             ... on level 4 of the Dungeon.
             The game lasted 00:07:06 (3998 turns).

Dfrag the Firebug (Naga Fire Elementalist)          Turns: 3998, Time: 00:07:07

Health: -2/55      AC:  7    Str: 11    XL:     7   Next: 97%
Magic:  6/14       EV:  8    Int: 17    God:    Okawaru [*.....]
Gold:   216        SH:  0    Dex: 11    Spells: 7/15 levels left

rFire    . . .     SeeInvis +   f - +2 dagger (elec)
rCold    . . .     Gourm    .   a - +0 robe
rNeg     . . .     Faith    .   (no shield)
rPois    +         Spirit   .   (no helmet)
rElec    .         Reflect  .   (no cloak)
rCorr    .         Harm     .   (no gloves)
MR       .....                  n - +0 naga barding
Stlth    ++........             (no amulet)
Regen    0.2/turn               (no ring)
MPRegen  0.2/turn               u - ring of poison resistance

@: flying, very slightly contaminated, very slow
A: see invisible, deformed body, poison resistance, slowness 2, slow metabolism
1, spit poison 1, AC +2
a: Spit Poison, Heroism, Renounce Religion


You were on level 4 of the Dungeon.
You worshipped Okawaru.
Okawaru was aware of your devotion.
You were not hungry.

You visited 1 branch of the dungeon, and saw 5 of its levels.

You collected 216 gold pieces.

Inventory:

Hand Weapons
 f - a +2 dagger of electrocution (weapon)
 s - a +1 short sword of protection
Armour
 a - a +0 robe (worn)
 n - a +0 naga barding (worn)
Jewellery
 u - a ring of poison resistance (left hand)
Wands
 r - a wand of confusion (19/48)
 w - a wand of flame (23/48)
Scrolls
 d - 4 scrolls of recharging
 e - 3 scrolls of amnesia
 h - 3 scrolls of teleportation
 i - a scroll of remove curse
 j - a scroll of fog
 m - 2 scrolls of identify
 o - 2 scrolls of magic mapping
 p - a scroll of random uselessness {unknown}
 t - a scroll of blinking {unknown}
Potions
 g - a potion of flight
 k - 2 potions of heal wounds {unknown}
 l - a potion of ambrosia {unknown}
 q - a potion of mutation {unknown}
 x - a potion of curing {unknown}
 z - a potion of degeneration {unknown}
Books
 b - a book of Flames

   Spells                             Type                      Level
   a - Flame Tongue                   Conjuration/Fire             1
   b - Throw Flame                    Conjuration/Fire             2
   c - Conjure Flame                  Conjuration/Fire             3
   d - Inner Flame                    Hexes/Fire                   3
   e - Sticky Flame                   Conjuration/Fire             4
   f - Fireball                       Conjuration/Fire             5
Comestibles
 c - 8 bread rations
 v - 2 meat rations
 A - a royal jelly


   Skills:
 - Level 1.5 Dodging
 - Level 3.0 Stealth
 + Level 4.9 Spellcasting
 + Level 4.8 Conjurations
 + Level 5.8 Fire Magic


You had 7 spell levels left.
You knew the following spells:

 Your Spells              Type           Power        Failure   Level  Hunger
a - Flame Tongue          Conj/Fire      ###..        1%          1    None
b - Conjure Flame         Conj/Fire      ###.....     6%          3    ###....
c - Sticky Flame          Conj/Fire      ###.....     17%         4    ####...


Dungeon Overview and Level Annotations

Branches:
Dungeon (5/15)
 Temple: D:4-7

Altars:
Cheibriados
Makhleb
Okawaru
Sif Muna
The Shining One


Innate Abilities, Weirdness & Mutations

You cannot wear boots.
Your serpentine skin is tough. (AC +2)
You have supernaturally acute eyesight. (SInv)
Armour fits poorly on your strangely shaped body.
Your system is resistant to poisons. (rPois)
You cover ground very slowly.
You have a slow metabolism.
You can spit poison.


Message History

There is a stone staircase leading down here.
Casting: Sticky Flame
Confirm with . or Enter, or press ? or * to list all spells.
Aiming: Sticky Flame
Press: ? - help, Shift-Dir - straight line, f - hippogriff
Aim: a hippogriff You miscast Sticky Flame.
You are very lightly contaminated with residual magic.
Sparks fly from your hands! The hippogriff bites you.
* * * LOW HITPOINT WARNING * * *
The hippogriff barely misses you. The hippogriff claws you.
* * * LOW HITPOINT WARNING * * *
Unknown command.
Okay, then.
It was a potion of flight.
You feel very buoyant.
You fly up into the air.
The hippogriff bites you.
* * * LOW HITPOINT WARNING * * *
The hippogriff pecks you.
You die...

###############
#.(.....@H....##
#.##########...##########
#.# #......#...........
#.# #.####...####.#####
#.# #.# ##.## #.##### #.#
#.# #.# #......
#.#####.#####.# #......
#.............# #...###
#######.#####.# #...###


You could see a hippogriff.

Vanquished Creatures
  A centaur (D:5)
  An ogre (D:4)
  A scorpion (D:4)
  A howler monkey (D:4)
  A crimson imp (D:5)
  4 orc priests
  Crazy Yiuf (D:4)
  3 orc wizards
  Natasha (thrice) (D:3)
  3 worker ants (D:4)
  3 gnolls (D:4)
  4 adders
  A worm (D:2)
  3 leopard geckos
  18 orcs
  7 bats
  5 giant cockroaches
  9 goblins
  3 hobgoblins
  3 jackals (D:3)
  7 kobolds
  2 quokkas (D:4)
  8 frilled lizards
  10 rats
102 creatures vanquished.

Notes
Turn   | Place    | Note
-------+----------+-------------------------------------------
     0 | D:1      | Dfrag the Naga Fire Elementalist began the quest for the Orb.
     0 | D:1      | Reached XP level 1. HP: 15/15 MP: 3/3
   215 | D:1      | Reached XP level 2. HP: 16/22 MP: 3/5
   542 | D:2      | Found a snail-covered altar of Cheibriados.
   542 | D:2      | Found an iron altar of Okawaru.
   587 | D:2      | Became a worshipper of Warmaster Okawaru
   599 | D:2      | Reached XP level 3. HP: 20/28 MP: 2/6
   743 | D:2      | Found a faded altar of an unknown god.
  1079 | D:2      | Reached XP level 4. HP: 27/36 MP: 4/8
  1300 | D:3      | Noticed Natasha
  1309 | D:3      | Killed Natasha
  1394 | D:3      | Noticed Natasha
  1406 | D:3      | HP: 1/36 [Natasha (4)]
  1407 | D:3      | Killed Natasha
  1705 | D:3      | Reached XP level 5. HP: 42/42 MP: 9/9
  1736 | D:3      | Reached skill level 4 in Fire Magic
  1795 | D:3      | Noticed Natasha
  1803 | D:3      | Killed Natasha
  2015 | D:3      | Reached XP level 6. HP: 33/49 MP: 4/11
  2091 | D:3      | Reached * piety under Okawaru
  2789 | D:4      | Found a runed door.
  2837 | D:4      | Found a burning altar of Makhleb.
  2843 | D:4      | Found a glowing golden altar of the Shining One.
  2846 | D:4      | Found a deep blue altar of Sif Muna.
  2949 | D:4      | Learned a level 3 spell: Conjure Flame
  2957 | D:4      | Learned a level 4 spell: Sticky Flame
  2967 | D:4      | Reached XP level 7. HP: 36/55 MP: 3/13
  2975 | D:4      | Reached skill level 5 in Fire Magic
  3347 | D:4      | Noticed Crazy Yiuf
  3353 | D:4      | Killed Crazy Yiuf
  3383 | D:5      | Entered Level 5 of the Dungeon
  3720 | D:5      | Noticed a hippogriff
  3998 | D:4      | HP: 2/55 [hippogriff (5)]
  3998 | D:4      | Slain by a hippogriff

Vault maps used:
D:1:      nicolae_arrival_washed_ashore, serial_glass, glass_columns_a,
          glass_columns_a, glass_columns_b, glass_columns_a, glass_columns_a,
          glass_columns_a, glass_columns_c, glass_columns_c
D:2:      grunt_temple_overflow_open, chequers_ecumenical_altar_island
D:3:      first_bread, minmay_lizard_king, uniq_natasha
D:4:      minitemple, uniq_crazy_yiuf_cottage
D:5:      serial_shops, shop, kennysheep_generic_room_9

Skill      XL: |  1  2  3  4  5  6  7 |
---------------+----------------------+-----
Conjurations   | 2 3 4 |  4.8
Spellcasting   | 3 4 |  4.9
Fire Magic     | 4 5 |  5.8
Dodging        | |  1.5
Stealth        | |  3.0

Action                   |  1- 3 |  4- 6 |  7- 9 || total
-------------------------+-------+-------+-------++-------
Melee: Unarmed           |     4 |       |       ||     4
       Dagger            |    13 |    43 |    23 ||    79
       Short sword       |       |    14 |       ||    14
 Cast: Flame Tongue      |    29 |    79 |    28 ||   136
       Sticky Flame      |       |       |     6 ||     6
 Abil: Spit Poison       |    15 |    17 |     6 ||    38
  Use: Scroll            |       |     7 |       ||     7
       Potion            |       |       |     1 ||     1
 Stab: Sleeping          |     2 |       |       ||     2
  Eat: Chunk             |     1 |     5 |     5 ||    11
Armor: Robe              |    20 |    38 |    17 ||    75
Dodge: Dodged            |    26 |    42 |    17 ||    85
